 Dungeon Crawl Stone Soup version 0.27-a0-720-g3f424a255b (webtiles) character file.

Game seed: 9190316056762219099

571 Masnef the Chiller (level 7, 51/51 HPs)
             Began as a Green Draconian Ice Elementalist on Dec 13, 2020.
             Quit the game on level 5 of the Dungeon on Mar 23, 2021.
             The game lasted 00:13:15 (5216 turns).

Masnef the Chiller (DrIE)                           Turns: 5216, Time: 00:13:16

Health: 51/51      AC: 11    Str: 11    XL:     7   Next: 11%
Magic:  19/19      EV: 12    Int: 17    God:
Gold:   310        SH:  0    Dex: 11    Spells: 3/10 levels left

rFire    . . .     SeeInvis .     - Unarmed
rCold    . . .     Faith    .   (no shield)
rNeg     . . .     Spirit   .   (armour unavailable)
rPois    +         Reflect  .   i - +0 hat {Will+}
rElec    .         Harm     .   h - +0 cloak
rCorr    .         Rampage  .   r - +0 pair of gloves
Will     +....                  q - +2 pair of boots {Stlth+}
Stlth    +++.......             (no amulet)
HPRegen  0.17/turn              v - ring of poison resistance
MPRegen  0.16/turn              p - ring of magical power

@: no status effects
A: breathe noxious fumes, AC +6, unfitting armour, poison resistance,
cold-blooded
a: Breathe Noxious Fumes


You were on level 5 of the Dungeon.
You visited 1 branch of the dungeon, and saw 5 of its levels.

You collected 310 gold pieces.

Inventory:

Armour
 a - a +0 pair of boots
 h - a +0 cloak (worn)
 i - a +0 hat of willpower (worn)
 q - a +2 pair of boots of stealth (worn)
 r - a +0 pair of gloves (worn)
Jewellery
 p - a ring of magical power (left hand)
 s - a +6 ring of dexterity
 v - a ring of poison resistance (right hand)
Scrolls
 d - a scroll of magic mapping
 e - 2 scrolls of identify {unknown}
 f - 2 scrolls of fog {unknown}
 g - a scroll of teleportation {unknown}
 j - 5 scrolls of removedness
 k - a scroll of immolation {unknown}
 l - 2 scrolls of blinking {unknown}
 n - a scroll of amnesia {unknown}
 o - a scroll of enchant weapon {unknown}
 u - a scroll of fear {unknown}
Potions
 b - 2 potions of curing {unknown}
 c - 2 potions of lignification {unknown}
 m - a potion of haste {unknown}
 t - a potion of brilliance {unknown}


   Skills:
 + Level 0.5 Fighting
 - Level 1.8 Dodging
 - Level 1.8 Stealth
 + Level 5.2 Unarmed Combat
 - Level 2.0 Spellcasting
 + Level 6.6 Ice Magic


You had 3 spell levels left.
You knew the following spells:

 Your Spells              Type           Power      Damage    Failure   Level
a - Freeze                Ice            96%        1d11      1%          1
b - Frozen Ramparts       Ice            48%        1d6       3%          3
c - Ozocubu's Armour      Ice            24%        N/A       3%          3

Your spell library contained the following spells:

 Spells                   Type           Power      Damage    Failure   Level
 Hailstorm                Conj/Ice       12%        3d5       45%         4
 Summon Ice Beast         Ice/Summ       12%        N/A       45%         4


Dungeon Overview and Level Annotations

Branches:
Dungeon (5/15)
 Temple: D:4-7

Altars:
Elyvilon
Trog


Innate Abilities, Weirdness & Mutations

You can breathe blasts of noxious fumes.
Your lurid green scales are hard. (AC +6)
You cannot fit into any form of body armour.
Your system is resistant to poisons. (rPois)
You are cold-blooded and may be slowed by cold attacks.


Message History

Aiming: Freeze (safe; 1% risk of failure)
Press: ? - help, Shift-Dir - straight line, f - centaur
Aim: a centaur, quivering 20 arrows (heavily wounded)
You freeze the centaur.
The centaur is severely wounded.
The wall freezes the centaur.
The centaur barely misses you.
The wall freezes the centaur.
The centaur hits you.
Casting: Freeze (safe; 1% risk of failure)
Confirm with . or Enter, or press ? or * to list all spells.
Aiming: Freeze (safe; 1% risk of failure)
Press: ? - help, Shift-Dir - straight line, f/p - centaur
Aim: a centaur, quivering 20 arrows (almost dead)
You freeze the centaur!
You kill the centaur!
Your Unarmed Combat skill increases to level 5!
You have reached level 7!
Your scales start taking on a lurid green colour.
You learn Poison Magic much quicker.
You can breathe blasts of noxious fumes.
You feel resistant to poisons.
Saving game... please wait.
Welcome back, Masnef the Green Draconian Ice Elementalist.
Press ? for a list of commands and other information.
You start resting.
The frozen ramparts melt away.
You start resting.
Magic restored.
You start resting.
HP restored.
Things that are here:
20 arrows; a +0 shortbow A white imp comes into view.
A white imp is nearby!
Saving game... please wait.
Welcome back, Masnef the Green Draconian Ice Elementalist.
Press ? for a list of commands and other information.
Welcome back, Masnef the Green Draconian Ice Elementalist.
Press ? for a list of commands and other information.
Are you sure you want to abandon this character and quit the game? (Confirm with "yes".)

#.###### #
#.#....#####.#
#.#.......@..#
#.#....####...#
#.###.## ...#
#.# #.# .....
#.###.###.#
...###
#.........#
...#
#####.#####
...# #.# 5###
#######.#


You could see a white imp (asleep).

Vanquished Creatures
  An orc warrior (D:3)
  An ogre (D:4)
  A centaur (D:5)
  A centaur skeleton (D:5)
  A jelly (D:3)
  An orc wizard (D:3)
  A worker ant (D:4)
  4 gnolls
  7 adders
  An ooze (D:1)
  2 adder zombies (D:2)
  2 worms (D:2)
  5 dart slugs
  3 orcs
  A removed leopard gecko (D:4)
  2 ball pythons (D:2)
  3 giant cockroaches
  5 goblins
  10 hobgoblins
  11 jackals
  2 quokkas
  A ball python skeleton (D:2)
  6 bats
  3 frilled lizards
  A giant cockroach zombie (D:2)
  A jackal skeleton (D:2)
  3 jackal zombies
  3 kobolds
  A quokka zombie (D:2)
  12 rats
  A removed leopard gecko skeleton (D:2)
97 creatures vanquished.

Vanquished Creatures (others)
  A withered plant (D:2)
1 creature vanquished.

Grand Total: 98 creatures vanquished

Notes
Turn   | Place    | Note
-------+----------+-------------------------------------------
     0 | D:1      | Masnef the Draconian Ice Elementalist began the quest for
                  | the Orb.
     0 | D:1      | Reached XP level 1. HP: 14/14 MP: 3/3
   543 | D:1      | Reached XP level 2. HP: 19/20 MP: 5/5
   641 | D:1      | Reached XP level 3. HP: 18/26 MP: 0/6
   813 | D:1      | Learned a level 3 spell: Frozen Ramparts
  1394 | D:2      | Reached skill level 1 in Unarmed Combat
  1394 | D:2      | Reached skill level 5 in Ice Magic
  1581 | D:2      | Reached XP level 4. HP: 21/33 MP: 1/7
  2210 | D:2      | Found a bloodstained altar of Trog.
  2486 | D:2      | Learned a level 3 spell: Ozocubu's Armour
  2961 | D:3      | Noticed an orc warrior
  2996 | D:3      | Killed an orc warrior
  2997 | D:3      | Reached XP level 5. HP: 27/38 MP: 0/8
  3201 | D:3      | Reached skill level 6 in Ice Magic
  3380 | D:3      | Reached XP level 6. HP: 45/45 MP: 2/9
  3584 | D:3      | Found a white marble altar of Elyvilon.
  4872 | D:5      | Entered Level 5 of the Dungeon
  5089 | D:5      | Reached skill level 5 in Unarmed Combat
  5089 | D:5      | Your scales start taking on a lurid green colour.
  5089 | D:5      | Reached XP level 7. HP: 33/51 MP: 10/10
  5089 | D:5      | Gained mutation: Your system is resistant to poisons.
                  | (rPois) [Green Draconian growth]
  5216 | D:5      | Upgraded the game from 0.26-a0-1058-g8dc6ce00ff to
                  | 0.26-a0-1145-gf5f8a83f67
  5216 | D:5      | Upgraded the game from 0.26-a0-1145-gf5f8a83f67 to
                  | 0.27-a0-720-g3f424a255b
  5216 | D:5      | Quit the game

Illustrated notes

Levels and vault maps discovered:
D:1:      co_arrival_random_square_maze, layout_basic, serial_aquarium,
          aquarium_bridge_straight [aquarium_subvault_bridge,
          aquarium_subvault_balcony, aquarium_subvault_bridge,
          aquarium_subvault_window], aquarium_window_1, aquarium_window_1,
          aquarium_view_2a, aquarium_view_2b, serial_bayou_pond_e, minmay_tall_x
D:2:      layout_rooms, overflow_temple_1_default, serial_undead,
          serial_undead_c, serial_undead_c, serial_undead_e, serial_undead_a
D:3:      layout_loops_corners, lemuel_doored_altar, minmay_quadrilaterals
D:4:      layout_basic
D:5:      layout_basic, basic_altar, uniq_duvessa, uniq_edmund

Skill      XL: |  1  2  3  4  5  6 |
---------------+-------------------+-----
Unarmed Combat | 1 3 5 |  5.2
Ice Magic      | 5 6 |  6.6
Fighting       | |  0.5
Dodging        | |  1.8
Stealth        | |  1.8
Spellcasting   | |  2.0

Action                   |  1- 3 |  4- 6 |  7- 9 || total
-------------------------+-------+-------+-------++-------
Melee: Unarmed           |   126 |   221 |       ||   347
       Tailslap          |    11 |    26 |       ||    37
       Punch             |       |     4 |       ||     4
 Cast: Freeze            |    22 |    14 |       ||    36
       Frozen Ramparts   |     4 |    14 |       ||    18
  Use: Scroll            |       |     1 |       ||     1
 Stab: Sleeping          |     2 |     7 |       ||     9
Armor: Skin              |    59 |    79 |       ||   138
Dodge: Dodged            |   115 |   146 |       ||   261

Table legend: (Time is in decaauts)
 A = Elapsed time spent in this place.
 B = Non-inter-level travel time spent in this place.
 C = Inter-level travel time spent in this place.
 D = Time resting spent in this place.
 E = Time spent auto-exploring this place.
 F = Levels seen in this place.
 G = Mean time per level.
                   A        B        C        D        E       F      G
               +--------+--------+--------+--------+--------+-----+--------+
         Total |   5200 |   5070 |    130 |    142 |   4068 |   5 | 1040.0 |
       Dungeon |   5200 |   5070 |    130 |    142 |   4068 |   5 | 1040.0 |
               +--------+--------+--------+--------+--------+-----+--------+

Top non-repeatable levels by time:
     D:2: 1404 daAuts
     D:1: 1390 daAuts
     D:3: 1244 daAuts
     D:4: 817 daAuts
     D:5: 342 daAuts
